[Event "2nd Cambridge Open 2024"]
[Site "Cambridge"]
[Date "2024.02.20"]
[Round "3.22"]
[White "Ward, Ieuan C"]
[Black "Zhang, Junyi"]
[Result "1/2-1/2"]
[ECO "D40"]
[WhiteElo "2028"]
[BlackElo "1655"]
[Annotator "RC"]
[PlyCount "142"]
[EventDate "2024.02.18"]
[EventType "swiss"]
[EventCountry "ENG"]
[SourceTitle "playchess.com"]
[Source "ChessBase"]
[SourceQuality "1"]
[TimeControl "5400+30"]

1. d4 Nf6 2. Nf3 e6 3. c4 d5 4. Nc3 dxc4 5. e3 a6 6. Bxc4 b5 7. Bd3 Bb7 8. O-O c5 9. a3 Nc6 10. dxc5 Bxc5 11. b4 Be7 12. Bb2 Qb6 13. Qe2 Rd8 14. Rfd1 Qc7 15. Rac1 O-O 16. Ng5 h6 17. Nge4 Nxe4 18. Nxe4 f5 19. Nc5 Bxc5 20. Rxc5 Qe7 21. Bc2 Qg5 22. f4 Qg6 23. Rf1 Nb8 24. Bb3 Be4 25. Rf2 Nc6 26. Bc2 Bd5 27. Qe1 Rd7 28. h3 Rfd8 29. Kh2 h5 30. g3 Ne7 31. Bd4 Nc6 32. Bc3 Ne7 33. a4 Bc4 34. e4 Bd3 35. axb5 axb5 36. Bxd3 Rxd3 37. Re2 h4 38. gxh4 Rd1 39. Qf2 R8d3 40. Re3 Rxe3 41. Qxe3 Qe8 42. Qe2 Qd7 43. Qg2 g6 44. exf5 exf5 45. h5 Qd6 46. Qa8+ Kf7 47. Qf3 Rc1 48. hxg6+ Qxg6 49. Bd4 Rxc5 50. Bxc5 Qc6 51. Qh5+ Qg6 52. Qh8 Ng8 53. Qe5 Qe6 54. Qc7+ Kg6 55. Qd8 Nf6 56. Qd3 Qa2+ 57. Kg1 Qa1+ 58. Kg2 Qb2+ 59. Kg1 Qa1+ 60. Kh2 Qb2+ 61. Kg1 Qc1+ 62. Qf1 Qxf1+ 63. Kxf1 Nd5 64. Bd6 Kf6 65. h4 Ke6 66. Be5 Nxb4 67. h5 Kf7 68. Ke2 Nc6 69. Kd3 Kg8 70. Bf6 Kh7 71. Bg5 Kg7 1/2-1/2

[Event "2nd Cambridge Open 2024"]
[Site "Cambridge"]
[Date "2024.02.20"]
[Round "3.23"]
[White "Blauhut, Holger"]
[Black "Wynarczyk, Raymond"]
[Result "1/2-1/2"]
[ECO "C41"]
[WhiteElo "2016"]
[BlackElo "1703"]
[Annotator "RC"]
[PlyCount "90"]
[EventDate "2024.02.18"]
[EventType "swiss"]
[EventCountry "ENG"]
[SourceTitle "playchess.com"]
[Source "ChessBase"]
[SourceQuality "1"]
[TimeControl "5400+30"]

1. e4 d6 2. d4 Nf6 3. Nc3 Nbd7 4. Nf3 e5 5. Bc4 Be7 6. O-O O-O 7. a4 c6 8. h3 Qc7 9. a5 exd4 10. Nxd4 Ne5 11. Be2 Re8 12. f4 Ng6 13. f5 Ne5 14. Bf4 Rb8 15. g4 h6 16. h4 Nh7 17. Qe1 Qd8 18. Nf3 Nxf3+ 19. Bxf3 Bxh4 20. Qd2 Bg5 21. Qxd6 Ra8 22. Qxd8 Rxd8 23. Bxg5 Nxg5 24. Bg2 f6 25. Rfd1 Bd7 26. Na4 Be8 27. Kf2 h5 28. Kg3 hxg4 29. Kxg4 Nf7 30. Nc5 Ne5+ 31. Kg3 b6 32. axb6 Rxd1 33. b7 Rdd8 34. bxa8=Q Rxa8 35. b3 Bf7 36. Bf1 a5 37. Ba6 Nd7 38. Nxd7 Rxa6 39. Nc5 Ra7 40. Ra4 g6 41. fxg6 Bxg6 42. b4 Rg7 43. Kf4 axb4 44. Rxb4 Re7 45. Rb8+ Be8 1/2-1/2

[Event "2nd Cambridge Open 2024"]
[Site "Cambridge"]
[Date "2024.02.20"]
[Round "3.24"]
[White "McMahon, Paul"]
[Black "Abhyuday, Santhosh"]
[Result "0-1"]
[ECO "B23"]
[WhiteElo "1862"]
[BlackElo "2058"]
[Annotator "NA RC"]
[PlyCount "66"]
[EventDate "2024.02.18"]
[EventType "swiss"]
[EventCountry "ENG"]
[SourceTitle "playchess.com"]
[Source "ChessBase"]
[SourceQuality "1"]
[TimeControl "5400+30"]

1. e4 c5 2. Nc3 d6 3. f4 g6 4. Bc4 Bg7 5. Nf3 Nc6 6. O-O e6 7. d3 Nge7 8. Qe1 O-O 9. Bb3 Bd7 10. Be3 b6 11. Qh4 Rb8 12. g4 d5 13. f5 d4 14. Bh6 Nxf5 15. Qxd8 Rbxd8 16. Bg5 Nfe7 17. Nd5 f6 18. Nc7 fxg5 19. Nxe6 Bxe6 20. Bxe6+ Kh8 21. Nxg5 Ne5 22. Rf7 Rxf7 23. Nxf7+ Nxf7 24. Bxf7 Rf8 25. Rf1 Nc6 26. h3 Bh6 27. Bd5 Rxf1+ 28. Kxf1 Ne5 29. Kg2 Kg7 30. Kg3 Bc1 31. b3 Kf6 32. a4 g5 33. h4 gxh4+ 0-1

[Event "2nd Cambridge Open 2024"]
[Site "Cambridge"]
[Date "2024.02.20"]
[Round "3.25"]
[White "Mihalik, Agoston"]
[Black "Ghasi, Ameet K"]
[Result "0-1"]
[ECO "B40"]
[WhiteElo "2146"]
[BlackElo "2509"]
[Annotator "TA"]
[PlyCount "73"]
[EventDate "2024.02.18"]
[EventType "swiss"]
[EventCountry "ENG"]
[SourceTitle "playchess.com"]
[Source "ChessBase"]
[SourceQuality "1"]
[TimeControl "5400+30"]

1. e4 c5 2. Nf3 e6 3. g3 Nc6 4. Bg2 Nf6 5. Qe2 e5 6. O-O Be7 7. Na3 O-O 8. d3 {[%emt 0:00:40] The position is equal.} h6 9. Nc4 d6 10. a4 Re8 11. b3 Bf8 12. Bb2 g6 13. Ne3 Bg7 14. Nd2 Nd4 15. Qd1 h5 16. Ndc4 Be6 17. c3 Nc6 18. Nd5 Bxd5 19. exd5 Ne7 20. Ne3 Qd7 21. a5 (21. Ra2 $14) 21... b5 $11 22. a6 Rab8 23. Ra5 Bh6 24. Qe2 Bxe3 25. fxe3 Nfxd5 (25... Nexd5 26. e4 $16) 26. e4 ({White should try} 26. d4 $15) 26... Nc7 27. Bc1 Nc6 28. Ra2 b4 $36 {[%emt 0:00:28][%mdl 2048] White is under strong pressure.} 29. c4 Nd4 30. Qd1 Qg4 {[%emt 0:01:17] Black is more active.} ({Better is} 30... Rb6 31. Bf3 Nde6 (31... Nxa6 32. Bxh5 gxh5 33. Qxh5 $11) (31... Rxa6 $2 32. Rxa6 Nxf3+ 33. Qxf3 $19)) 31. Qe1 {[%emt 0:00:01] White does not recover from this.} (31. Bf3 $17 {was the only defense.} Nxf3+ 32. Rxf3) 31... Nxb3 $19 {[%emt 0:01:52] A dynamic duo of knights.} 32. Bf3 Qe6 33. Bg5 Nd4 34. Bxh5 $2 {[%emt 0:00:06] [#]} (34. Bd1 b3 35. Rb2) 34... gxh5 {[%emt 0:00:23] Black is clearly winning.} 35. Raf2 Qg4 36. Rxf7 Qxg5 37. Rxc7 {[%emt 0:00:03] Weighted Error Value: White=0.56/Black=0.06 (flawless) .  Mistake:       	White=4     	Black=1      Inaccurate:     	White=1     	---        OK:         	White=14    	Black=12     Best:        	---       	Black=1} 0-1

[Event "2nd Cambridge Open 2024"]
[Site "Cambridge"]
[Date "2024.02.20"]
[Round "3.26"]
[White "Fava, Lorenzo"]
[Black "Hebden, Mark L"]
[Result "1-0"]
[ECO "C97"]
[WhiteElo "2084"]
[BlackElo "2416"]
[Annotator "TA"]
[PlyCount "89"]
[EventDate "2024.02.18"]
[EventType "swiss"]
[EventCountry "ENG"]
[SourceTitle "playchess.com"]
[Source "ChessBase"]
[SourceQuality "1"]
[TimeControl "5400+30"]

1. e4 e5 2. Nf3 Nc6 3. Bb5 a6 4. Ba4 Nf6 5. O-O Be7 6. Re1 b5 7. Bb3 d6 8. a4 Bd7 9. c3 O-O 10. h3 Na5 11. Bc2 c5 12. d4 Qc7 13. dxe5 dxe5 14. Nbd2 Rfd8 15. Qe2 {[%emt 0:00:49] The position is equal.} c4 16. axb5 axb5 17. Nf1 Nh5 (17... Nb7 $11 18. Rxa8 Rxa8) 18. Be3 ({Better is} 18. g4 $14 Nf6 19. Ne3) 18... g6 (18... Nb7 $5) 19. Ng3 Nxg3 20. fxg3 Nb7 21. Rad1 Nc5 22. Qf2 Be6 {[%emt 0:03:38] Repels Rd5} 23. Ng5 f6 24. Nxe6 Nxe6 25. Kh2 Qc6 26. Bb6 Rxd1 27. Rxd1 Ra2 28. Bb1 Ra1 29. Be3 Kf7 (29... Kg7 {feels hotter.} 30. Rf1 Nc5 31. g4 Ra8) 30. Qd2 Ra8 31. Bc2 Rd8 32. Qe2 Rxd1 33. Qxd1 Bc5 34. Bxc5 Nxc5 $11 {[%emt 0:02:20][%mdl 4096] Endgame. KQB-KQN} 35. Qd8 Ne6 36. Qb8 Qd7 37. b3 Qd2 38. Qxb5 Ng5 $2 (38... Qxc2 $11 {and Black is okay.} 39. Qd7+ (39. Qxc4 $2 {perishes.} Qf2 $19) 39... Kf8 40. Qxe6 cxb3) 39. Qxc4+ $18 Kg7 40. Qd3 {[%emt 0:00:36] Prevents Nf3+.} Nf3+ (40... Qxd3 41. Bxd3 Kf8) 41. Qxf3 {[%emt 0:00:02] [#] aiming for Qd3. White is clearly winning.} Qxc2 42. b4 f5 43. exf5 e4 44. Qf4 gxf5 45. Qg5+ {[%emt 0:00:16] Weighted Error Value: White=0.06 (flawless) /Black=0.30.  Loses game:     	---       	Black=1      Mistake:       	White=1     	Black=2      OK:         	White=17    	Black=5      Best:        	White=2     	---} 1-0

[Event "2nd Cambridge Open 2024"]
[Site "Cambridge"]
[Date "2024.02.20"]
[Round "3.27"]
[White "Pert, Richard G"]
[Black "Crocker, Philip J"]
[Result "1-0"]
[ECO "D02"]
[WhiteElo "2411"]
[BlackElo "2137"]
[Annotator "RC"]
[PlyCount "103"]
[EventDate "2024.02.18"]
[EventType "swiss"]
[EventCountry "ENG"]
[SourceTitle "playchess.com"]
[Source "ChessBase"]
[SourceQuality "1"]
[TimeControl "5400+30"]

1. d4 d5 2. Nf3 Nf6 3. Bf4 c5 4. e3 Nc6 5. Nbd2 e6 6. c3 Nh5 7. Be5 f6 8. Bg3 Qb6 9. Rb1 Bd7 10. Be2 Be7 11. dxc5 Bxc5 12. b4 Be7 13. c4 O-O 14. cxd5 Nxg3 15. hxg3 exd5 16. Nc4 Bxb4+ 17. Kf1 Qc5 18. a3 Ba5 19. Rxb7 Rad8 20. Nxa5 Nxa5 21. Rb4 Nc4 22. Rh4 Be6 23. Kg1 Bf7 24. Qc2 g6 25. Qc3 Qe7 26. Rd4 Ne5 27. Rd1 Rc8 28. Qa1 Rfd8 29. Nd4 Nc6 30. Nxc6 Rxc6 31. Bf3 Rc4 32. Qb2 Rxb4 33. axb4 Qe5 34. Qa3 Rd7 35. Rd4 Kg7 36. g4 Be6 37. g3 Rc7 38. Kg2 Bf7 39. Qd3 Rc4 40. Qd2 Rxd4 41. exd4 Qc7 42. g5 Qc4 43. gxf6+ Kxf6 44. Qf4+ Kg7 45. Qe5+ Kf8 46. Qb8+ Be8 47. Qd6+ Kg7 48. Bxd5 Qxd4 49. Qe7+ Kh6 50. Qf8+ Kg5 51. f4+ Kg4 52. Bf3# 1-0

[Event "2nd Cambridge Open 2024"]
[Site "Cambridge"]
[Date "2024.02.20"]
[Round "3.28"]
[White "Rushbrooke, Remy"]
[Black "Derakhshani, Borna"]
[Result "1-0"]
[ECO "A05"]
[WhiteElo "2049"]
[BlackElo "2369"]
[Annotator "TA"]
[PlyCount "77"]
[EventDate "2024.02.18"]
[EventType "swiss"]
[EventCountry "ENG"]
[SourceTitle "playchess.com"]
[Source "ChessBase"]
[SourceQuality "1"]
[TimeControl "5400+30"]

1. Nf3 Nf6 2. g3 b5 3. Bg2 Bb7 4. O-O e6 5. b3 c5 6. c4 b4 7. Bb2 Be7 8. d4 cxd4 9. Nxd4 Bxg2 {[%emt 0:00:08] The position is equal.} 10. Kxg2 O-O 11. Nd2 Qb6 12. e4 d6 13. Qf3 Nbd7 14. Rfe1 Rac8 15. Nc2 Rfd8 16. Bd4 Qb8 17. a3 e5 18. Be3 bxa3 19. Rxa3 d5 20. exd5 {[%emt 0:00:02] White is more active.} (20. Rxa7 $2 d4 21. Ra5 dxe3 22. Nxe3 Qb4 $19) (20. Bxa7 $6 Qb7 21. Ra5 dxc4 22. Nxc4 h5 $11) 20... Bxa3 21. Nxa3 a6 22. Nc2 {[%emt 0:01:04][%mdl 1024] Against Qb4. White has compensation.} Qd6 (22... a5 $11 {remains equal.}) 23. Bg5 $1 $16 {[%emt 0:01:30] Black is on the road to losing.} Re8 24. Ne3 Qb4 ({Black should play} 24... g6) 25. Ng4 (25. Nf5 $142) 25... e4 26. Qf5 Nxg4 27. Qxg4 Ne5 28. Qxe4 f6 {[%emt 0:01:25] [#]} 29. Qd4 $1 Nxc4 (29... fxg5 $2 30. Rxe5 h6 (30... Rxe5 $2 31. Qxe5 Rf8 32. Qe3 $18) 31. Nf3 Rxe5 32. Qxe5 $18) (29... Nd7 $16 30. Rxe8+ Rxe8) (29... a5 30. Bf4) 30. Rxe8+ $18 Rxe8 {[%emt 0:00:02] [#]} 31. Bf4 (31. Qxc4 $2 Qxc4 32. Nxc4 fxg5 $19) 31... g5 (31... Ne3+ $142 32. Bxe3 Qxd4 33. Bxd4 Rd8) 32. bxc4 ({Not} 32. Qxc4 Qxc4 33. bxc4 gxf4 $17) (32. Ne4 $2 Ne3+ (32... Qxb3 $2 33. Nxf6+ Kf7 34. Nxe8 $18) 33. Bxe3 Qxd4 (33... Rxe4 34. Qxf6 Qe7 35. Qxa6 $14) 34. Bxd4 Rxe4 35. Bxf6 Kf7 36. Bxg5 Rb4 $19) 32... gxf4 {[%emt 0:00:06][%mdl 4096] Endgame. KQR-KQN} 33. Ne4 ({Weaker is} 33. gxf4 Qe7 $14) 33... f3+ 34. Kxf3 Rf8 35. Kg2 {[%emt 0:00:35][%cal Od5d6] aiming for d6!} (35. Nxf6+ Kg7 36. Kg2 Rxf6 $19) 35... Qe7 36. d6 Qb7 (36... Qe5 37. Qxe5 fxe5) 37. c5 {[%emt 0:00:56] White is clearly winning.} Qc6 38. Kg1 Kg7 {[%emt 0:00:06] [#]} 39. Nxf6 $1 {[%emt 0:00:50][%mdl 512] Weighted Error Value: White=0.15 (very precise) /Black=0.28 (precise) .  Mistake:       	White=1     	Black=6      Inaccurate:     	White=2     	Black=2      OK:         	White=11    	Black=10     Best:        	White=2     	Black=2      Strong:       	White=2     	---} 1-0

[Event "2nd Cambridge Open 2024"]
[Site "Cambridge"]
[Date "2024.02.20"]
[Round "3.29"]
[White "York-Weaving, Richard"]
[Black "Brett, Andrew R"]
[Result "1-0"]
[ECO "C88"]
[WhiteElo "2343"]
[BlackElo "2072"]
[Annotator "TA"]
[PlyCount "75"]
[EventDate "2024.02.18"]
[EventType "swiss"]
[EventCountry "ENG"]
[SourceTitle "playchess.com"]
[Source "ChessBase"]
[SourceQuality "1"]
[TimeControl "5400+30"]

1. e4 e5 2. Nf3 Nc6 3. Bb5 a6 4. Ba4 Nf6 5. O-O Be7 6. Re1 b5 7. Bb3 O-O 8. a4 Bb7 9. d3 d6 10. Nbd2 Qd7 11. c3 h6 12. Nf1 Na5 13. Bc2 c5 {[%emt 0:00:19] White is slightly better.} 14. Ng3 Rfe8 15. d4 cxd4 16. cxd4 exd4 17. Nxd4 Bf8 18. Qf3 Nc4 19. Ndf5 (19. Ngf5 {is more complex.} d5 20. Qg3 dxe4 21. Bxh6 g6 22. Qh4) 19... Qe6 20. axb5 axb5 21. Rxa8 Bxa8 22. Qe2 Qc8 23. b3 {[%emt 0:02:58] Dodges d5} Ne5 24. Qd2 (24. Ba3 $14 {keeps the upper hand.}) 24... Ng6 (24... d5 $17) 25. Bb2 $14 {[%emt 0:01:48][%cal Ob2f6] [#] Bxf6! is the strong threat.} (25. Nxd6 $2 {loses.} Bxd6 26. f3 Nd5 $19) 25... Qd8 ({Black should try} 25... Ne5 $1 $14) 26. h3 {[%emt 0:02:57] White is much more active.} d5 27. e5 (27. Rd1 $16) 27... Ne4 $1 $11 28. Nxe4 (28. Qd1 {is interesting.} Bc5 29. Nxe4 dxe4 30. Qe2) 28... dxe4 29. Qxd8 Rxd8 30. Bxe4 Bb4 31. Re3 $36 {[%emt 0:01:16][%mdl 2048] Hoping for Bxa8. White is pushing.} Rd1+ (31... Bc5 $11 32. Rd3 Rxd3 33. Bxd3 Bxg2) 32. Kh2 $14 Bd2 $2 {[%emt 0:00:47][%mdl 8192] This move loses the game for Black.} ({Black should play} 32... Bd5 $14) 33. Bxa8 $18 Bxe3 34. fxe3 ({Not} 34. Nxe3 Rb1 35. Bd4 Rxb3 $18) 34... Nf8 35. Bd5 {[%emt 0:01:55] [#] Against Ne6. And now Ne7+ would win.} g6 (35... Rxd5 $2 {perishes.} 36. Ne7+ Kh7 37. Nxd5 $18) (35... Ne6 $142 36. Bd4 Nxd4 37. exd4 Kf8) 36. Ne7+ Kh7 37. Bxf7 Rd7 38. Bg8+ {[%emt 0:00:09] Weighted Error Value: White=0.20 (precise) /Black=0.77.  Loses game:     	---       	Black=1      Mistake:       	White=2     	Black=4      Inaccurate:     	White=5     	Black=2      OK:         	White=8     	Black=7      Best:        	White=3     	---        Strong:       	---       	Black=1} 1-0

[Event "2nd Cambridge Open 2024"]
[Site "Cambridge"]
[Date "2024.02.20"]
[Round "3.30"]
[White "Gourlay, Iain"]
[Black "Golubovic, Erik"]
[Result "1-0"]
[ECO "D30"]
[WhiteElo "2301"]
[BlackElo "2025"]
[Annotator "TA"]
[PlyCount "79"]
[EventDate "2024.02.18"]
[EventType "swiss"]
[EventCountry "ENG"]
[SourceTitle "playchess.com"]
[Source "ChessBase"]
[SourceQuality "1"]
[TimeControl "5400+30"]

1. Nf3 Nf6 2. g3 d5 3. Bg2 e6 4. O-O Be7 5. c4 O-O 6. b3 c5 7. cxd5 exd5 8. d4 Nc6 9. Bb2 Ne4 10. dxc5 Bxc5 11. Ne1 (11. Nc3 $11) 11... Re8 12. Nd3 Bb6 13. Nf4 {[%emt 0:06:32] The position is equal.} Bg4 14. h3 (14. Bf3 $11 {remains equal.} Bxf3 15. exf3) 14... Nxg3 (14... Bf5 $17 15. e3 d4 16. exd4 Bxd4 17. Bxd4 Nxd4) 15. hxg4 $11 Qg5 (15... Qh4 $11 16. e3 Rxe3) 16. Nh3 $1 $14 (16. Qxd5 Qxf4 17. Nc3 Rxe2 (17... Nxe2+ $2 18. Nxe2 Rxe2 19. Bc1 $19) (17... Qxg4 $2 18. Qf3 $19) (17... Nxf1 $2 18. Rxf1 Qxg4 19. e3 $19) 18. Nxe2 Nxe2+ 19. Kh1 Bxf2 (19... Qxg4 20. Qf3 $11) 20. Rxf2 Qxf2 $19) (16. e3 Nxf1 (16... Rxe3 $2 17. Nh3 $18) 17. Qxf1 (17. Kxf1 $2 d4 $19) 17... d4 $17 (17... Qxg4 18. Nxd5 Ne5 19. Bxe5 $17)) 16... Qxg4 17. e3 Ne2+ (17... Nxf1 $2 18. Qxg4 Ne5 19. Bxe5 Rxe5 20. Kxf1 $18 (20. Bxf1 d4 $18)) 18. Kh1 {[%emt 0:02:17][%cal Ob1c3] And now Nc3! would win.} Bxe3 19. Nc3 $1 (19. fxe3 $2 Rxe3 $19) 19... Bd4 {[%emt 0:04:09] [#]} 20. Re1 $2 Bxc3 $15 21. Bxc3 {[%emt 0:00:19] This pair of bishops is nice.} d4 22. Bb2 (22. Bf1 $15) 22... Re6 $2 (22... Re5 $1 $17 {keeps the pressure on. White must now prevent ...Rae8.} 23. f3 Qe6) 23. f3 $1 $36 {[%emt 0:05:16][%mdl 2048] White has strong initiative.} Ng3+ 24. Kh2 Qg6 25. Rxe6 (25. Bxd4 Rd6 26. Qb1 (26. Nf4 $2 Qh6+ 27. Kxg3 Rxd4 $19) 26... Nxd4 (26... Rxd4 $2 27. Qxg6 hxg6 28. Kxg3 $18) 27. Qxg6 Rxg6 $15) 25... fxe6 26. Bxd4 Rd8 27. Qe1 {[%emt 0:00:13] Bxa7 is the strong threat.} Nxd4 28. Qxg3 Qf6 (28... Qxg3+ $16 29. Kxg3 Nf5+ 30. Kf4 h6) 29. Re1 $18 h6 30. Qf4 Nf5 31. Re2 Kh7 32. Qe4 Qg6 33. Qg4 (33. Qxe6 $2 Qg3+ 34. Kh1 Rd1+ $19) 33... Qf7 34. Nf4 Rd4 {[%emt 0:00:59] [#]} 35. Re4 $1 (35. Rxe6 Rxf4 36. Qxf4 Qxe6 $17) 35... e5 {[%emt 0:04:26] [#]} (35... Rxe4 $16 36. fxe4 Ne3) 36. Rxd4 $1 (36. Rxe5 Nd6 37. Re4 (37. Kg3 $2 g5 $17) 37... Nxe4 38. fxe4 Qf6 $14) 36... exd4 $2 (36... Nxd4 {keeps fighting.} 37. Nd3 Nc6) 37. Bf1 {[%emt 0:00:32] Bd3 would now be deadly.} Ne3 (37... g6 $18) 38. Bd3+ {[%emt 0:00:11] White mates.} Kg8 39. Qc8+ Qf8 {[%emt 0:00:04] [#]} 40. Bh7+ $1 {[%emt 0:00:22][%mdl 512] Weighted Error Value: White=0.16 (very precise) /Black=0.57.  Mistake:       	White=3     	Black=7      Inaccurate:     	White=1     	Black=2      OK:         	White=6     	Black=8      Best:        	White=7     	Black=3      Strong:       	White=5     	---} 1-0

[Event "2nd Cambridge Open 2024"]
[Site "Cambridge"]
[Date "2024.02.20"]
[Round "3.31"]
[White "Pozzari, Simone"]
[Black "Pert, Nina"]
[Result "1-0"]
[ECO "B12"]
[WhiteElo "2282"]
[BlackElo "1968"]
[Annotator "TA"]
[PlyCount "69"]
[EventDate "2024.02.18"]
[EventType "swiss"]
[EventCountry "ENG"]
[SourceTitle "playchess.com"]
[Source "ChessBase"]
[SourceQuality "1"]
[TimeControl "5400+30"]

1. e4 c6 2. d4 d5 3. e5 Bf5 4. Nd2 e6 5. Nb3 Nd7 6. Nf3 h6 7. Be2 Qc7 8. O-O Ne7 {[%emt 0:02:18] White is slightly better.} 9. a4 c5 10. dxc5 Nc6 11. Be3 Ndxe5 12. Nxe5 Qxe5 13. Nd4 Bh7 (13... Be4 $14) 14. Bb5 Qc7 15. c4 dxc4 {[%emt 0:12:24] [#]} (15... Be7 $16) 16. Bf4 $2 Qc8 17. Qf3 a6 18. Nxc6 (18. Bxc6+ $16 bxc6 19. Rfc1 (19. Nxc6 Qb7 $14)) 18... axb5 $11 19. Ne5 $36 {[%emt 0:01:06][%cal Bc6e5,Be5c4,Bc4d6][%mdl 2080] White is more active.} bxa4 (19... Rxa4 20. Rad1 Bg6 (20... Qxc5 21. Qxb7) (20... Bxc5 $2 21. Bxh6 O-O 22. Qg4 $18) 21. Nxg6 fxg6 22. Be5 $16) (19... Bxc5 $11 20. Bxh6 O-O) 20. Nxc4 {[%emt 0:00:41] White is much more active.} Qc6 {[%emt 0:04:51] Black is weak on the dark squares} 21. Qg3 {[%emt 0:01:05][%mdl 1024] And now Rac1 would win. White has compensation.} Be4 $2 (21... f6 $16) 22. Rac1 Bd5 $2 {[%emt 0:04:27] [#]} (22... Rg8 23. Nd6+ Ke7) 23. Nd6+ $1 $18 ({Less strong is} 23. Nb6 Rd8 $16) 23... Ke7 24. Qh4+ f6 25. Qh5 {[%emt 0:00:21] Hoping for Rfd1.} e5 {[%emt 0:00:06] [#]} (25... Kd7 $142 26. Rfd1 (26. Qf7+ Be7 $18) 26... a3 27. Qf7+ Be7) 26. Bxe5 $1 {[%emt 0:02:15][%mdl 512] aiming for Bg3.} g6 27. Qe2 {[%emt 0:00:56][%cal Of1e1] Strongly threatening Rfe1!} ({Weaker is} 27. Qxg6 fxe5 28. Rfe1 Rg8 (28... Kd7 $2 29. Qf5+ Be6 30. Qxe5 $18) 29. Rxe5+ Kd8 30. Qe8+ Qxe8 31. Rxe8+ Kd7 32. Rxa8 Rxg2+ 33. Kf1 Bxd6 $18) 27... Bg7 {[%emt 0:01:25] [#]} 28. Bxf6+ Kxf6 29. Rfe1 g5 30. Qe5+ {[%emt 0:01:10] White mates.} Kg6 31. Qf5+ Kh5 32. Re3 Bxg2 33. Qf7+ Kh4 34. Nf5+ Kg4 35. Rc4+ {[%emt 0:40:22] Weighted Error Value: White=0.27 (precise) /Black=0.82.  Loses game:     	---       	Black=2      Missed win:     	White=1     	---        Mistake:       	White=1     	Black=4      Inaccurate:     	White=1     	Black=3      OK:         	White=7     	Black=4      Best:        	White=1     	Black=3      Strong:       	White=1     	---        Brilliant:      	White=1     	---} 1-0

[Event "2nd Cambridge Open 2024"]
[Site "Cambridge"]
[Date "2024.02.20"]
[Round "3.32"]
[White "Bradbury, Neil H"]
[Black "Homer, Stephen J"]
[Result "1-0"]
[ECO "E11"]
[WhiteElo "2217"]
[BlackElo "2045"]
[Annotator "RC"]
[PlyCount "58"]
[EventDate "2024.02.18"]
[EventType "swiss"]
[EventCountry "ENG"]
[SourceTitle "playchess.com"]
[Source "ChessBase"]
[SourceQuality "1"]
[TimeControl "5400+30"]

1. d4 Nf6 2. c4 e6 3. Nf3 Bb4+ 4. Nbd2 O-O 5. a3 Be7 6. e4 d6 7. Be2 Nbd7 8. O-O e5 9. b4 exd4 10. Nxd4 Re8 11. Bb2 Bf8 12. Qc2 c5 13. Nf5 cxb4 14. axb4 d5 15. cxd5 g6 16. Ng3 Bxb4 17. Nf3 Qe7 18. Bd3 Ng4 19. Bb5 Rd8 20. h3 Nge5 21. Nd4 Nb6 22. f4 Qh4 23. fxe5 Qxg3 24. Rf3 Qg5 25. Raf1 Rf8 26. e6 fxe6 27. Qc7 Rxf3 28. Nxf3 Qe7 29. Qe5 Qd8 1-0

[Event "2nd Cambridge Open 2024"]
[Site "Cambridge"]
[Date "2024.02.20"]
[Round "3.33"]
[White "Martyn, Rafe"]
[Black "Mocic, Ivano"]
[Result "1-0"]
[ECO "B90"]
[WhiteElo "2206"]
[BlackElo "2008"]
[Annotator "RC"]
[PlyCount "65"]
[EventDate "2024.02.18"]
[EventType "swiss"]
[EventCountry "ENG"]
[SourceTitle "playchess.com"]
[Source "ChessBase"]
[SourceQuality "1"]
[TimeControl "5400+30"]

1. e4 c5 2. Nf3 d6 3. d4 cxd4 4. Nxd4 Nf6 5. Nc3 a6 6. Be3 e5 7. Nb3 Be7 8. f3 Be6 9. Qd2 h5 10. Be2 Nbd7 11. Nd5 Bxd5 12. exd5 Qc7 13. Na5 Bd8 14. b4 Qc8 15. O-O O-O 16. Kh1 Bxa5 17. bxa5 Nc5 18. Rab1 Qc7 19. c4 Nfd7 20. f4 exf4 21. Rxf4 g6 22. Bd4 Rae8 23. Bxh5 Ne5 24. Be2 Kg7 25. Rbf1 f6 26. h4 Rh8 27. Kg1 Ncd7 28. h5 g5 29. Rxf6 Nxf6 30. Qxg5+ Kh7 31. Rxf6 Qg7 32. Qf5+ Ng6 33. Rf7 1-0

[Event "2nd Cambridge Open 2024"]
[Site "Cambridge"]
[Date "2024.02.20"]
[Round "3.34"]
[White "Lazarus, Simon E"]
[Black "Saine, Zachary"]
[Result "0-1"]
[ECO "A90"]
[WhiteElo "1845"]
[BlackElo "1978"]
[Annotator "RC"]
[PlyCount "164"]
[EventDate "2024.02.18"]
[EventType "swiss"]
[EventCountry "ENG"]
[SourceTitle "playchess.com"]
[Source "ChessBase"]
[SourceQuality "1"]
[TimeControl "5400+30"]

1. Nf3 f5 2. g3 Nf6 3. Bg2 e6 4. O-O d5 5. d4 Bd6 6. Bf4 Bxf4 7. gxf4 O-O 8. e3 Bd7 9. c4 c6 10. Qb3 b6 11. Nc3 Be8 12. Ne5 Bh5 13. cxd5 cxd5 14. a4 a6 15. Rfc1 Ra7 16. Rc2 Ng4 17. h3 Nxe5 18. dxe5 Nd7 19. a5 b5 20. Rd2 Kh8 21. Qb4 Nb8 22. Rc2 Rc7 23. Rac1 Rc4 24. Qd6 Qxd6 25. exd6 Rfc8 26. Bf1 R4c6 27. Bd3 Kg8 28. Nxd5 Rxc2 29. Rxc2 Rxc2 30. Ne7+ Kf7 31. Bxc2 Ke8 32. e4 fxe4 33. f5 Kd7 34. fxe6+ Kxe6 35. Bxe4 g6 36. Nc6 Nd7 37. Nd8+ Kxd6 38. b4 Ke5 39. Bb7 Nb8 40. Nf7+ Kd4 41. Nd6 Kc3 42. Bxa6 Nxa6 43. Nxb5+ Kxb4 44. Nd6 Kxa5 45. Nf7 Kb5 46. Ng5 Kc5 47. Nxh7 Kd5 48. h4 Ke4 49. Nf8 Kf3 50. Kf1 Nc5 51. Ke1 Nd3+ 52. Kd2 Nxf2 53. Nxg6 Bxg6 54. Kc3 Kg4 55. Kd4 Kxh4 56. Ke5 Kg5 57. Kd4 Kf4 58. Kd5 Be4+ 59. Kd4 Nd3 60. Kc3 Ke3 61. Kc4 Bc6 62. Kc3 Bd5 63. Kc2 Kd4 64. Kb1 Kc3 65. Ka1 Nb4 66. Kb1 Nc2 67. Kc1 Ba2 68. Kd1 Nd4 69. Ke1 Kd3 70. Kd1 Ne2 71. Ke1 Ke3 72. Kd1 Bb3+ 73. Ke1 Ba4 74. Kf1 Nf4 75. Ke1 Ng2+ 76. Kf1 Kf3 77. Kg1 Kg3 78. Kf1 Bb5+ 79. Kg1 Nf4 80. Kh1 Ba6 81. Kg1 Nh3+ 82. Kh1 Bb7# 0-1